 Dungeon Crawl Stone Soup version 0.28.0-53-g5a82cb258f (webtiles) character file.

Game seed: 6426523261211849860

125 DemonSlayer the Firebug (level 4, -3/31 HPs)
             Began as a Demonspawn Fire Elementalist on July 21, 2022.
             Slain by a goblin
             ... wielding a +0 long sword
             ... led by Robin
              (5 damage)
             ... on level 2 of the Dungeon.
             The game lasted 00:04:19 (2349 turns).

DemonSlayer the Firebug (DsFE)                      Turns: 2349, Time: 00:04:19

Health: -3/31      AC:  7    Str:  8    XL:     4   Next: 82%
Magic:  2/8        EV: 12    Int: 18    God:
Gold:   32         SH:  4    Dex: 14    Spells: 2/8 levels left

rFire   . . .      SeeInvis .   i - +0 flail
rCold   . . .      Faith    .   (no shield)
rNeg    . . .      Spirit   .   a - +0 robe
rPois   .          Reflect  .   (no helmet)
rElec   .          Harm     .   (no cloak)
rCorr   .          Rampage  .   (no gloves)
Will    .....                   (no boots)
Stlth   ++........              (no amulet)
HPRegen 0.10/turn               (no ring)
MPRegen 0.11/turn               (no ring)

@: no status effects
A: rugged brown scales 1, icemail 1, condensation shield
a: no special abilities


You were on level 2 of the Dungeon.
You visited 1 branch of the dungeon, and saw 2 of its levels.

You collected 32 gold pieces.

Inventory:

Hand Weapons
 i - a +0 flail (weapon)
Armour
 a - a +0 robe (worn)
Magical Staves
 c - a staff of poison
Scrolls
 b - 2 scrolls of identify {unknown}
 d - 2 scrolls of teleportation {unknown}
 g - a scroll of noise {unknown}
 h - a scroll of amnesia {unknown}
Potions
 e - 2 potions of flight {unknown}
 f - a potion of curing {unknown}
 j - a potion of berserk rage {unknown}


   Skills:
 + Level 0.4 Fighting
 + Level 1.1 Staves
 + Level 2.1 Dodging
 + Level 2.1 Stealth
 + Level 0.6 Shields
 + Level 2.7 Spellcasting
 + Level 1.2 Conjurations
 + Level 3.7 Fire Magic


You had 2 spell levels left.
You knew the following spells:

 Your Spells              Type           Power      Damage    Failure   Level
a - Foxfire               Conj/Fire      44%        2x1d6     6%          1
b - Scorch                Fire           32%        2d6       5%          2
c - Conjure Flame         Conj/Fire      11%        6-21      19%         3

Your spell library contained the following spells:

 Spells                   Type           Power      Damage    Failure   Level
 Inner Flame              Hex/Fire       9%         N/A       22%         3
 Flame Wave               Conj/Fire      11%        2d5       52%         4


Dungeon Overview and Level Annotations

Branches:
Dungeon (2/15)

Altars:

Annotations:
D:2 Robin


Innate Abilities, Weirdness & Mutations

You are partially covered in rugged brown scales. (AC +1, +3% HP)
A meltable icy envelope protects you from harm. (AC +4)
A meltable shield of frost defends you. (SH +4)


Message History

Robin is moderately wounded.
Robin hits you with a +0 whip. x2
You don't have enough magic to cast this spell.
The hobgoblin shouts! x2
You hit Robin but do no damage.
Robin is moderately wounded.
Robin barely misses you.
You hit Robin but do no damage.
Robin is moderately wounded.
Robin throws the goblin at you!
The goblin hits you with a +0 long sword.
A phantom comes into view.
You hit Robin.
Robin is severely wounded.
Robin roars a battlecry!
The goblins go into a battle-frenzy!
The goblin hits you but does no damage. Robin hits you but does no damage.
The goblin closely misses you.
The goblin shouts!
You hit Robin.
Robin is severely wounded.
You hear a shout!
Robin barely misses you. The goblin closely misses you.
You barely miss Robin.
Robin is severely wounded.
Robin hits you but does no damage. The goblin barely misses you.
Robin roars a battlecry!
The goblins go into a battle-frenzy!
The goblin shouts!
You closely miss Robin.
Robin is severely wounded.
You hear a shout!
The goblin hits you with a +0 long sword!
Robin hits you with a +0 whip.
The goblin hits you with a +0 long sword!
* * * LOW HITPOINT WARNING * * *
A hobgoblin comes into view.
Robin roars a battlecry!
The goblin hits you with a +0 long sword.
You die...

#.. #.. ## # #.. .# ##g##
#.###.# ##...## #..#..#
## ##....g###....## .##
##......g##.#.#.##.#
..####........g#@.......#
..g..'.......gWg.g.....#
..####.........##......#
.## ##.......###....#.#
## ##.....## ###### # #
##...## # ##'## # #.# #
#.#


You could see a phantom, Robin, a hobgoblin (strong) and a goblin (strong).

Vanquished Creatures
  Natasha (twice) (D:2)
  4 adders (D:2)
  2 endoplasms (D:1)
  3 giant cockroaches (D:1)
  7 goblins
  3 hobgoblins (D:1)
  3 jackals (D:1)
  A quokka (D:1)
  2 ball pythons (D:1)
  4 bats (D:1)
  2 frilled lizards (D:1)
  3 kobolds
  2 rats
38 creatures vanquished.

Vanquished Creatures (others)
  46 foxfires (D:1)
46 creatures vanquished.

Grand Total: 84 creatures vanquished

Notes
Turn   | Place    | Note
-------+----------+-------------------------------------------
     0 | D:1      | DemonSlayer the Demonspawn Fire Elementalist began the
                  | quest for the Orb.
     0 | D:1      | Reached XP level 1. HP: 13/13 MP: 3/3
   232 | D:1      | Reached skill level 3 in Fire Magic
   255 | D:1      | Gained mutation: A meltable shield of frost defends you.
                  | (SH +4) [demonic ancestry]
   255 | D:1      | Reached XP level 2. HP: 16/19 MP: 0/5
   258 | D:1      | Learned a level 2 spell: Scorch
  1262 | D:1      | Gained mutation: A meltable icy envelope protects you from
                  | harm. (AC +4) [demonic ancestry]
  1262 | D:1      | Reached XP level 3. HP: 15/24 MP: 0/6
  1583 | D:1      | Learned a level 3 spell: Conjure Flame
  1636 | D:2      | Noticed Natasha
  1639 | D:2      | Killed Natasha
  1805 | D:2      | Gained mutation: You are partially covered in rugged brown
                  | scales. (AC +1, +3% HP) [demonic ancestry]
  1805 | D:2      | Reached XP level 4. HP: 24/30 MP: 2/7
  2013 | D:2      | Noticed Natasha
  2017 | D:2      | Killed Natasha
  2201 | D:2      | Noticed Robin
  2337 | D:2      | Reached skill level 1 in Staves
  2344 | D:2      | Noticed a phantom
  2349 | D:2      | Slain by a goblin

Illustrated notes

Levels and vault maps discovered:
D:1:      dpeg_arrival_tiny_g, layout_basic
D:2:      layout_loops_corners, basic_ecumenical_altar, uniq_natasha, uniq_robin

Skill      XL: |  1  2  3  4 |
---------------+-------------+-----
Fire Magic     | 3 |  3.7
Dodging        | 2 |  2.1
Stealth        | 2 |  2.1
Staves         | 1 |  1.1
Fighting       | |  0.4
Shields        | |  0.6
Spellcasting   | |  2.7
Conjurations   | |  1.2

Action                   |  1- 3 |  4- 6 || total
-------------------------+-------+-------++-------
Melee: Staff             |    43 |       ||    43
       Flail             |       |     8 ||     8
 Cast: Foxfire           |    28 |       ||    28
       Scorch            |    21 |    12 ||    33
 Stab: Sleeping          |     1 |       ||     1
Armor: Robe              |    13 |     3 ||    16
Dodge: Dodged            |    46 |     7 ||    53
Block: Other             |    15 |       ||    15
